 Dungeon Crawl Stone Soup version 0.24-a0-380-g7ade4d1b3c (webtiles) character file.

Game seed: 6628222328130977284

10458 Peloso the Carver (level 11, -1/94 (95) HPs)
             Began as a Minotaur Fighter on June 3, 2019.
             Was a High Priest of Okawaru.
             Killed from afar by an electric eel (12 damage)
             ... with a bolt of electricity
             ... on level 11 of the Dungeon.
             The game lasted 00:29:16 (11467 turns).

Peloso the Carver (Minotaur Fighter)               Turns: 11467, Time: 00:29:17

HP:   -1/94 (95)    AC: 21    Str: 22    XL:     11   Next: 36%
MP:   11/11         EV:  5    Int:  5    God:    Okawaru [*****.]
Gold: 852           SH: 14    Dex: 16    Spells: 10/10 levels left

rFire    + . .     SeeInvis +   a - +0 long sword
rCold    + . .     Gourm    .   c - +1 shield
rNeg     . . .     Faith    .   M - +0 gold dragon scales
rPois    +         Spirit   .   (helmet restricted)
rElec    .         Reflect  .   w - +2 cloak {MR+}
rCorr    .         Harm     .   (no gloves)
MR       +....                  (no boots)
Stlth    ..........             (no amulet)
HPRegen  0.25/turn              j - +4 ring of dexterity
MPRegen  0.12/turn              G - ring of see invisible

@: very slightly contaminated, studying Bows
A: retaliatory headbutt, horns 2
a: Heroism, Finesse, Renounce Religion


You were on level 11 of the Dungeon.
You worshipped Okawaru.
Okawaru was extremely pleased with you.
You were not hungry.

You visited 1 branch of the dungeon, and saw 11 of its levels.
You also visited: Bailey.

You collected 997 gold pieces.
You spent 145 gold pieces at shops.

Inventory:

Hand Weapons
 a - a +0 long sword (weapon)
 H - a +1 spear of flaming
Armour
 b - a +0 scale mail
 c - a +1 shield (worn)
 w - a +2 cloak of magic resistance (worn)
 y - a +4 chain mail of fire resistance
 F - a +3 chain mail of cold resistance
 M - +0 gold dragon scales (worn)
Jewellery
 j - a +4 ring of dexterity (left hand)
 l - an uncursed amulet of harm
 n - a +4 ring of dexterity
 x - an uncursed amulet of rage
 G - a ring of see invisible (right hand)
 L - the ring "Zoggukosk" {*Tele Str+4}
   (You took it off an orc in a bailey)

   [ring of teleportation]

   It may teleport you next to monsters.
   It affects your strength (+4).
Wands
 K - a wand of random effects (20)
Scrolls
 e - 3 scrolls of enchant armour
 h - a scroll of identify
 i - a scroll of fog
 m - 3 scrolls of magic mapping
 o - 9 scrolls of remove curse
 p - 6 scrolls of teleportation
 r - 5 scrolls of blinking
 t - a scroll of enchant weapon {unknown}
 v - 2 scrolls of amnesia {unknown}
 A - a scroll of immolation {unknown}
 C - 2 scrolls of random uselessness {unknown}
 J - a scroll of vulnerability {unknown}
Potions
 d - 2 potions of might
 g - a potion of resistance
 k - 4 potions of flight
 q - 2 potions of curing
 s - 7 potions of haste
 u - 2 potions of cancellation
 z - 3 potions of brilliance
 B - 3 potions of degeneration {unknown}
 D - a potion of agility {unknown}
 E - 2 potions of mutation {unknown}
 N - a potion of heal wounds
Books
 I - a manual of Bows
Miscellaneous
 O - a lightning rod (4/4)
 P - a crystal ball of energy
 R - a phial of floods
Comestibles
 f - 20 rations
 Q - a chunk of flesh


   Skills:
 + Level 8.6 Fighting
 + Level 12.5 Long Blades
 + Level 0.4 Polearms
 + Level 10.8 Armour
 + Level 3.0 Dodging
 + Level 1.0 Stealth
 + Level 11.2 Shields
 + Level 1.3 Invocations
 + Level 1.4 Evocations


You had 10 spell levels left.
You didn't know any spells.
Your spell library was empty.

Dungeon Overview and Level Annotations

Branches:
Dungeon (11/15)            Temple (0/1) D:4             Orc (0/2) D:10
   Lair: D:8-11

Altars:
Cheibriados
Elyvilon
Gozag
Hepliaklqana
Kikubaaqudgha
Nemelex Xobeh
Okawaru
Sif Muna
Trog
Wu Jian
Yredelemnul
Zin

Shops:
D:4 *   D:8 }


Innate Abilities, Weirdness & Mutations

You reflexively headbutt those who attack you in melee.
You have a pair of horns on your head.


Message History

A white ugly thing comes into view.
A white ugly thing is nearby!
The white ugly thing gurgles horribly!
Blink to where?
Press: ? - help, Dir - move target cursor Splash!
You fall into the shallow water.
Moving in this stuff is going to be slow.
You are very lightly contaminated with residual magic.
As you read the scroll of blinking, it crumbles to dust.
An electric eel comes into view.
The electric eel shoots out a bolt of lightning at you!
The bolt of electricity hits you.
* * * LOW HITPOINT WARNING * * *
The electric eel shoots out a bolt of lightning at you!
The bolt of electricity hits you!
* * * LOW HITPOINT WARNING * * *
The electric eel shoots out a bolt of lightning at you!
The bolt of electricity hits you!
You die...

≈≈≈≈≈≈≈≈≈≈≈≈≈≈≈≈≈≈≈##≈≈≈≈≈≈≈≈
≈≈≈≈≈≈≈≈;#≈≈≈≈≈≈≈≈≈≈≈≈≈≈≈≈≈≈
≈≈≈≈≈≈≈≈≈.≈≈≈≈#≈≈≈≈≈≈≈≈≈≈≈≈
≈..≈≈...≈.≈≈.≈#.≈≈≈....≈≈≈
##...###...≈..##.....##..÷≈
#..<##<.#.#.##..#.#.#..#..≈
#..#<#..#.#...#.###.#.##.#
#......##...#...#.....#...
#.#####.#@####.#..###.##..
##..#..#.#.##.####...#..##
#####...#....# #########
##########


You could see an electric eel.

Vanquished Creatures
  A hydra (D:11)
  2 two-headed ogres
  3 orc knights (Bailey)
  Joseph (D:7)
  A komodo dragon (D:10)
  A hornet (D:10)
  A water elemental (D:11)
  A wyvern (D:9)
  A hungry ghost (D:9)
  Menkaure (D:4)
  Edmund (D:6)
  A water moccasin (D:9)
  Duvessa (D:7)
  3 ice beasts
  9 orc warriors
  2 necrophages (D:9)
  A phantom (D:10)
  3 black bears
  An ogre (D:8)
  4 centaurs
  4 wolves (D:11)
  A crocodile (D:10)
  2 big kobolds (D:10)
  Blork the orc (D:4)
  A gnoll sergeant (D:8)
  5 bullfrogs
  Dowan (D:7)
  A water moccasin skeleton (D:11)
  6 killer bees
  4 wights (D:7)
  2 electric eels (D:11)
  2 howler monkeys (D:11)
  7 crimson imps
  3 bullfrog zombies
  2 quasits
  A bullfrog skeleton (D:7)
  A centaur skeleton (D:8)
  2 hounds (D:8)
  A jelly (D:8)
  7 orc priests
  4 orc wizards
  Ijyb (D:4)
  3 iguanas
  6 worker ants
  A killer bee zombie (D:8)
  A hound zombie (D:9)
  A hound skeleton (D:7)
  10 adders
  13 gnolls
  2 howler monkey skeletons
  4 shadow imps
  An ooze (D:1)
  An adder zombie (D:6)
  An adder skeleton (D:4)
  5 worms
  3 dart slugs
  4 leopard geckos
  35 orcs
  A giant cockroach (D:2)
  6 goblins
  5 hobgoblins
  3 jackals (D:8)
  3 quokkas
  11 bats
  5 frilled lizards
  15 kobolds
  A leopard gecko skeleton (D:4)
  2 quokka skeletons
  8 rats
249 creatures vanquished.

Vanquished Creatures (others)
  2 orc knights (Bailey)
  A water elemental (D:11)
3 creatures vanquished.

Grand Total: 252 creatures vanquished

Notes
Turn   | Place    | Note
-------+----------+-------------------------------------------
     0 | D:1      | Peloso the Minotaur Fighter began the quest for the Orb.
     0 | D:1      | Reached XP level 1. HP: 19/19 MP: 0/0
   155 | D:1      | Reached XP level 2. HP: 27/27 MP: 1/1
   719 | D:2      | Reached XP level 3. HP: 31/33 MP: 2/2
   848 | D:2      | Found a glowing silver altar of Zin.
   869 | D:2      | Reached skill level 3 in Long Blades
  1514 | D:2      | Found a sparkling altar of Nemelex Xobeh.
  1516 | D:2      | Found an iron altar of Okawaru.
  1617 | D:3      | Reached XP level 4. HP: 37/40 MP: 3/3
  1839 | D:3      | Reached skill level 4 in Long Blades
  1846 | D:3      | Found a basalt altar of Yredelemnul.
  1847 | D:3      | Found a white marble altar of Elyvilon.
  1847 | D:3      | Found a snail-covered altar of Cheibriados.
  2091 | D:3      | Reached XP level 5. HP: 26/46 MP: 4/4
  2689 | D:2      | Became a worshipper of Warmaster Okawaru
  2787 | D:4      | Noticed Blork the orc
  2801 | D:4      | Killed Blork the orc
  2801 | D:4      | Reached skill level 5 in Shields
  3046 | D:4      | Reached skill level 5 in Long Blades
  3046 | D:4      | Reached XP level 6. HP: 21/53 MP: 5/5
  3313 | D:4      | Found an opulent altar of Gozag.
  3318 | D:4      | Noticed Menkaure
  3335 | D:4      | Killed Menkaure
  3335 | D:4      | Reached * piety under Okawaru
  3335 | D:4      | Reached skill level 5 in Armour
  3335 | D:4      | Reached skill level 1 in Dodging
  3548 | D:4      | Found a bloodstained altar of Trog.
  3586 | D:4      | Noticed Ijyb
  3617 | D:4      | Killed Ijyb
  3661 | D:4      | Reached skill level 6 in Long Blades
  3717 | D:4      | Found Oti Ageyt's General Store.
  3725 | D:4      | Bought a scroll of blinking for 75 gold pieces
  3725 | D:4      | Bought a potion of curing for 30 gold pieces
  3725 | D:4      | Bought a scroll of identify for 20 gold pieces
  3725 | D:4      | Bought a scroll of identify for 20 gold pieces
  3773 | D:4      | Found a staircase to the Ecumenical Temple.
  3886 | D:5      | Entered Level 5 of the Dungeon
  3889 | D:5      | Reached XP level 7. HP: 60/60 MP: 6/6
  4109 | D:5      | Reached ** piety under Okawaru
  4186 | D:5      | Got an ancient ring mail
  4197 | D:5      | Identified the +2 ring mail of Loss {-Cast Regen+ MP-9
                  | Int+8} (You found it on level 5 of the Dungeon)
  4626 | D:5      | Noticed a moth of wrath
  4629 | D:5      | Found a bloodstained altar of Trog.
  4737 | D:6      | Reached skill level 5 in Fighting
  4737 | D:6      | Reached skill level 7 in Long Blades
  4737 | D:6      | Reached XP level 8. HP: 35/68 MP: 7/7
  4942 | D:6      | Noticed Edmund
  4960 | D:6      | Killed Edmund
  5217 | D:7      | Found an ancient bone altar of Kikubaaqudgha.
  5319 | D:7      | Noticed Joseph
  5340 | D:7      | Killed Joseph
  5340 | D:7      | Reached *** piety under Okawaru
  5340 | D:7      | Reached skill level 8 in Long Blades
  5586 | D:7      | Found a deep blue altar of Sif Muna.
  5698 | D:7      | Noticed Duvessa
  5699 | D:7      | Noticed Dowan
  5715 | D:7      | Killed Duvessa
  5737 | D:7      | Killed Dowan
  5854 | D:7      | Reached skill level 9 in Long Blades
  5871 | D:7      | Reached XP level 9. HP: 67/75 MP: 8/8
  6155 | D:7      | Found an ornate altar of the Wu Jian Council.
  6519 | D:8      | Noticed a two-headed ogre
  6536 | D:8      | Killed a two-headed ogre
  6536 | D:8      | Reached **** piety under Okawaru
  6536 | D:8      | Reached skill level 10 in Long Blades
  6798 | D:8      | Reached skill level 1 in Stealth
  7144 | D:8      | Found Jiahour's Gadget Shop.
  7275 | D:9      | Found a flagged portal.
  7306 | D:9      | Reached XP level 10. HP: 77/86 MP: 9/9
  7329 | Bailey   | Entered a bailey
  7707 | Bailey   | Identified the ring "Zoggukosk" {*Tele Str+4}
  7721 | Bailey   | Noticed an orc knight
  7721 | Bailey   | Noticed an orc knight
  7721 | Bailey   | Noticed an orc knight
  7722 | Bailey   | Noticed an orc knight
  8161 | Bailey   | Noticed an orc knight
  8185 | Bailey   | Killed an orc knight
  8185 | Bailey   | Reached skill level 11 in Long Blades
  8389 | Bailey   | Killed an orc knight
  8389 | Bailey   | Reached ***** piety under Okawaru
  8396 | Bailey   | Killed an orc knight
  8400 | Bailey   | Reached skill level 10 in Shields
  8400 | Bailey   | Reached skill level 1 in Evocations
  9193 | D:9      | Noticed a two-headed ogre
  9202 | D:9      | Killed a two-headed ogre
  9205 | D:9      | Found a hazy altar of Hepliaklqana.
  9459 | D:9      | Reached skill level 10 in Armour
  9588 | D:9      | Reached skill level 12 in Long Blades
  9645 | D:10     | Entered Level 10 of the Dungeon
  9715 | D:10     | Received a gift from Okawaru
  9735 | D:10     | Reached skill level 1 in Invocations
  9865 | D:10     | Reached XP level 11. HP: 52/93 MP: 11/11
 10362 | D:10     | Found a staircase to the Orcish Mines.
 11402 | D:11     | Noticed an eight-headed hydra
 11424 | D:11     | Killed an eight-headed hydra
 11424 | D:11     | Received a gift from Okawaru
 11452 | D:11     | Noticed a white ugly thing
 11467 | D:11     | Killed from afar by an electric eel

Levels and vault maps discovered:
D:1:      minmay_arrival_wavy_path, layout_basic, grunt_decor_fettered
D:2:      layout_basic, old_standard_altar, nicolae_overflow_hidden_temple
D:3:      layout_basic, grunt_temple_overflow_open, first_ration,
          kennysheep_generic_room_13
D:4:      layout_cave_pools, kennysheep_little_box,
          minmay_temple_entry_enclosed_plants, serial_shops, shop,
          hangedman_decor_growths, nicolae_gozag_seed_capital, uniq_ijyb,
          uniq_menkaure, uniq_blork_the_orc
D:5:      black_bear_nest_2, layout_basic, tgw_trog
D:6:      layout_cave_pools, patterned_corridor, uniq_edmund
D:7:      layout_basic, led_sif_pool, nicolae_overflow_crystal_walls,
          lemuel_coloured_pillars_altar, minmay_manual_mares, uniq_joseph,
          uniq_duvessa
D:8:      layout_basic, serial_shops, nicolae_shop_behind_doors,
          roderic_roman_lattice
D:9:      layout_irregular_city, lemuel_doored_altar, enter_bailey_8
D:10:     cheibrodos_helix_gallery, layout_basic, david_orc_4
D:11:     erik_rubicon_b, layout_basic, erik_lair_island, basic_altar,
          hangedman_little_slice_of_home, sword_in_stone

Skill      XL: |  1  2  3  4  5  6  7  8  9 10 11 |
---------------+----------------------------------+-----
Armour         | 4 5 6 7 8 10 | 10.8
Fighting       | 4 5 6 7 8 |  8.6
Long Blades    | 3 4 5 6 7 9 10 12 | 12.5
Shields        | 4 5 6 7 9 10 11 | 11.2
Dodging        | 1 2 3 |  3.0
Stealth        | 1 |  1.0
Evocations     | 1 |  1.4
Invocations    | 1 |  1.3
Polearms       | |  0.4

Action                   |  1- 3 |  4- 6 |  7- 9 | 10-12 || total
-------------------------+-------+-------+-------+-------++-------
Melee: Long sword        |    83 |   143 |   319 |   413 ||   958
       Headbutt          |    14 |    25 |    89 |   134 ||   262
       Spear             |       |       |    11 |    17 ||    28
Invok: Heroism           |       |       |     2 |     9 ||    11
Evoke: Wand              |       |       |       |     7 ||     7
  Use: Scroll            |       |    10 |     2 |     3 ||    15
       Potion            |       |     1 |       |     5 ||     6
  Eat: Chunk             |     1 |     8 |     8 |    15 ||    32
       Ration            |       |       |     1 |       ||     1
Armor: Scale mail        |    40 |    46 |       |       ||    86
       Chain mail        |       |     5 |   138 |    27 ||   170
       Gold dragon scale |       |       |       |   146 ||   146
Dodge: Dodged            |    31 |    41 |    72 |   104 ||   248
Block: Shield            |    45 |    78 |   181 |   310 ||   614
       Rpst.: Long sword |     6 |    15 |    22 |    10 ||    53

Table legend:
 A = Non-vault XP
 B = Vault XP
 C = Vault XP percentage of total XP
 D = Non-vault monster count
 E = Vault monster count
 F = Vault count percentage of total count
                 A         B        C        D         E       F
            +---------+---------+-------+---------+---------+-------
      Total |    9696 |    5244 |  35.1 |     192 |      58 |  23.2
            +---------+---------+-------+---------+---------+-------
        D:1 |      38 |       0 |   0.0 |      18 |       0 |   0.0
        D:2 |      55 |       0 |   0.0 |      15 |       0 |   0.0
        D:3 |     154 |       0 |   0.0 |      31 |       0 |   0.0
        D:4 |     180 |     304 |  62.8 |      11 |       3 |  21.4
        D:5 |     371 |     132 |  26.2 |      10 |       6 |  37.5
        D:6 |     265 |     154 |  36.8 |       7 |       1 |  12.5
        D:7 |     968 |     869 |  47.3 |      18 |       5 |  21.7
        D:8 |    1931 |       0 |   0.0 |      25 |       0 |   0.0
        D:9 |    2256 |       0 |   0.0 |      20 |       0 |   0.0
       D:10 |    1415 |     826 |  36.9 |      24 |      18 |  42.9
       D:11 |    2063 |     455 |  18.1 |      13 |       4 |  23.5
     Bailey |       0 |    2504 | 100.0 |       0 |      21 | 100.0
            +---------+---------+-------+---------+---------+-------
